Map: [ESL] Tropical Sacrifice

Players

Hellraiser - Winner!

  • Race: Protoss Protoss
  • Spawn Location: 1:00

SKillous

  • Race: Protoss Protoss
  • Spawn Location: 7:00

Event: DreamHack SC2 Masters 2022 Atlanta (Online)

VOD

Have the link to the VOD?

Description

Time

  • Played on: Oct. 9, 2022, 10:38 a.m.
  • Length: 6:07

All games in this series

Show
View Real Time Build Order
Export as new Build Order

Hellraiser Protoss - Winner!

Build Orders:  

Get SALT Encoding   

  12  0:00  Probe  
  13  0:12  Probe  
  14  0:18  Pylon  
  14  0:24  Probe (Chrono Boost)  
  15  0:37  Probe (Chrono Boost)  
  15  0:38  Gateway  
  16  0:45  Probe (Chrono Boost)  
  16  0:46  Assimilator  
  17  0:51  Probe (Chrono Boost)  
  17  0:56  Assimilator  
  18  1:04  Probe (Chrono Boost)  
  19  1:09  Gateway  
  19  1:13  Probe (Chrono Boost)  
  20  1:20  Probe  
  21  1:28  Cybernetics Core  
  21  1:32  Probe  
  22  1:39  Pylon  
  22  1:44  Probe  
  23  1:57  Probe  
  24  2:01  Warp Gate (Chrono Boost)  
  24  2:05  Stalker  
  26  2:10  Stalker  
  26  2:12  Probe  
  29  2:19  Pylon  
  29  2:35  Stalker  
  31  2:39  Stalker  
  31  2:43  Gateway  
  33  3:00  Pylon  
  33  3:06  Stalker  
  33  3:09  Stalker  
  37  3:13  Shield Battery  
  37  3:22  Gateway  
  37  3:43  Stalker  
  39  3:50  Stalker x2  
  41  4:06  Stalker  
  43  4:15  Stalker  
  45  4:21  Stalker  
  47  4:36  Stalker  
  45  4:42  Stalker  
  43  4:58  Stalker  
  43  5:07  Stalker  
  45  5:15  Probe  
  45  5:18  Sentry  
  44  5:38  Stargate  
  44  5:40  Probe  
  43  5:52  Zealot, Stalker  
  45  6:00  Stalker  
Show
View Real Time Build Order
Export as new Build Order

SKillous Protoss 

Build Orders: Oracle Opening 

Get SALT Encoding   

  12  0:00  Probe  
  13  0:12  Probe  
  14  0:17  Pylon  
  14  0:24  Probe  
  15  0:36  Gateway  
  15  0:39  Probe (Chrono Boost)  
  16  0:47  Probe (Chrono Boost)  
  16  0:48  Assimilator  
  17  0:53  Probe (Chrono Boost)  
  18  0:57  Assimilator  
  18  1:05  Probe (Chrono Boost)  
  18  1:07  Pylon  
  19  1:13  Probe (Chrono Boost)  
  20  1:19  Probe  
  21  1:29  Cybernetics Core  
  21  1:32  Probe  
  22  1:35  Zealot  
  24  1:44  Probe  
  25  1:56  Probe  
  26  2:06  Stargate  
  28  2:08  Sentry  
  28  2:15  Pylon  
  29  2:17  Warp Gate  
  28  2:27  Pylon  
  28  2:34  Stalker  
  30  2:45  Nexus  
  30  2:47  Probe  
  31  2:54  Oracle (Chrono Boost)  
  34  3:01  Probe  
  35  3:08  Shield Battery  
  35  3:20  Robotics Facility  
  35  3:31  Gateway  
  32  3:56  Shield Battery  
  32  3:57  Pylon  
  30  4:05  Stalker  
  30  4:07  Pylon  
  30  4:08  Immortal (Chrono Boost)  
  33  4:19  Shield Battery  
  33  4:20  Pylon  
  33  4:27  Stalker  
  32  4:34  Probe  
  25  4:50  Probe x2  
  25  4:52  Sentry  
  29  5:03  Robotics Facility  
  29  5:10  Shield Battery  
  28  5:15  Probe (Chrono Boost)  
  29  5:26  Sentry  
  32  5:29  Probe (Chrono Boost)  
  32  5:33  Probe (Chrono Boost)  
  33  5:36  Probe  
Tags
 
Add a new tag
Caveats
  • Supply blocks, unpowered buildings, or Contaminate may cause inaccurate times.
  • Supply counts are checked every 10 seconds.